 Dungeon Crawl Stone Soup version 0.24.0-35-gdb84b6a5db (webtiles) character file.

Game seed: 3385222237257237513, levelgen mode: deterministic

93853 Gruesph the Peltast (level 15, -10/115 HPs)
             Began as a Demonspawn Artificer on Nov 19, 2019.
             Was a High Priest of Nemelex Xobeh.
             Mangled by a two-headed ogre
             ... wielding a +0 giant spiked club
              (21 damage)
             ... on level 15 of the Dungeon on Nov 20, 2019.
             The game lasted 02:40:16 (39277 turns).

Gruesph the Peltast (Demonspawn Artificer)         Turns: 39277, Time: 02:40:17

Health: -10/115    AC: 17    Str: 18    XL:     15   Next: 61%
Magic:  18/22      EV:  8    Int: 13    God:    Nemelex Xobeh [*****.]
Gold:   2138       SH: 16    Dex: 14    Spells: 17/20 levels left

rFire    + . .     SeeInvis .     - Unarmed
rCold    + . .     Gourm    .   p - +2 shield
rNeg     . . .     Faith    .   D - +3 chain mail
rPois    .         Spirit   .   (helmet restricted)
rElec    .         Reflect  .   t - +1 cloak
rCorr    .         Harm     .   (no gloves)
MR       +....                  (no boots)
Stlth    ..........             (no amulet)
HPRegen  0.29/turn              n - ring of protection from cold
MPRegen  0.18/turn              x - ring of protection from fire

@: lethally poisoned (-10 -> -15), about to teleport, very slightly
contaminated, hasted, invisible, very quick
A: antennae 2, claws 2, talons 1, spiny 3, rot immunity
a: Draw Escape, Draw Destruction, Draw Summoning, Draw Stack, Triple Draw, Deal
Four, Stack Five, Renounce Religion


You were on level 15 of the Dungeon.
You worshipped Nemelex Xobeh.
Nemelex Xobeh was extremely pleased with you.
You were not hungry.

You visited 3 branches of the dungeon, and saw 22 of its levels.
You also visited: Ossuary.

You collected 2138 gold pieces.

Inventory:

Missiles
 F - 2 throwing nets (quivered)
Armour
 p - a +2 shield (worn)
 t - a +1 cloak (worn)
 C - a +1 ring mail of poison resistance
 D - a +3 chain mail (worn)
Jewellery
 n - a ring of protection from cold (left claw)
 x - a ring of protection from fire (right claw)
 E - an uncursed ring of see invisible
 J - a +4 ring of strength
 K - an uncursed ring of positive energy
 M - a +2 ring of strength
 O - a +5 ring of evasion {unknown}
 S - a cursed ring of teleportation {unknown}
Wands
 a - a wand of digging (11)
 b - a wand of polymorph (21)
 d - a wand of enslavement (17)
 e - a wand of random effects (19)
 y - a wand of paralysis (4)
Scrolls
 i - 7 scrolls of identify
 j - 6 scrolls of amnesia
 k - 3 scrolls of magic mapping
 l - 4 scrolls of immolation
 r - 3 scrolls of remove curse
 s - 4 scrolls of enchant weapon
 v - 7 scrolls of teleportation
 B - 3 scrolls of fog
 H - a scroll of brand weapon
 N - a scroll of enchant armour
 R - a scroll of acquirement {unknown}
Potions
 c - 3 potions of curing
 g - a potion of ambrosia
 m - 2 potions of haste
 o - 2 potions of brilliance
 q - 2 potions of agility
 u - 4 potions of mutation
 w - 8 potions of flight
 z - 5 potions of resistance
 A - 6 potions of lignification
 G - a potion of magic
 I - a potion of invisibility
 L - a potion of berserk rage
Miscellaneous
 Q - a phantom mirror
Comestibles
 f - 24 rations


   Skills:
 - Level 10.2 Fighting
   Level 0.8 Short Blades
 - Level 10.0 Armour
 - Level 1.7 Dodging
 - Level 0.8 Stealth
 - Level 15.0 Shields
 - Level 12.0 Unarmed Combat
 - Level 3.0 Spellcasting
 + Level 5.1 Hexes
 + Level 4.9 Translocations
 - Level 10.4 Invocations
 - Level 4.1 Evocations


You had 17 spell levels left.
You knew the following spells:

 Your Spells              Type           Power        Failure   Level  Hunger
a - Confusing Touch       Hex            ###...       24%         1    #......
b - Blink                 Tloc           N/A          36%         2    ##.....

Your spell library contained the following spells:

 Spells                   Type           Power        Failure   Level  Hunger
 Corona                   Hex            ###....      24%         1    #......
 Slow                     Hex            ###.....     36%         2    ##.....
 Confuse                  Hex            ###.....     58%         3    ###....
 Portal Projectile        Hex/Tloc       ###...       58%         3    ###....
 Tukima's Dance           Hex            ###.....     58%         3    ###....
 Gell's Gravitas          Tloc           ##........   61%         3    ###....
 Ensorcelled Hibernation  Hex/Ice        #.....       71%         2    ##.....
 Animate Skeleton         Necr           N/A          89%         1    #......
 Beastly Appendage        Tmut           #.....       89%         1    #......
 Flame Tongue             Conj/Fire      #....        89%         1    #......
 Magic Dart               Conj           #...         89%         1    #......
 Pain                     Necr           #...         89%         1    #......
 Sandblast                Erth           #.....       89%         1    #......
 Summon Small Mammal      Summ           #...         89%         1    #......
 Dazzling Spray           Conj/Hex       #.....       90%         3    ###....
 Inner Flame              Hex/Fire       #.......     90%         3    ###....
 Summon Guardian Golem    Hex/Summ       #.......     90%         3    ###....
 Cause Fear               Hex            ###.......   94%         4    #####..
 Call Imp                 Summ           #.......     96%         2    ##.....
 Passwall                 Tmut/Erth      #.......     96%         2    ##.....
 Searing Ray              Conj           #.....       96%         2    ##.....
 Sticks to Snakes         Tmut           #.......     96%         2    ##.....
 Throw Flame              Conj/Fire      #.....       96%         2    ##.....
 Call Canine Familiar     Summ           #.......     99%         3    ###....
 Conjure Flame            Conj/Fire      #.......     99%         3    ###....
 Mephitic Cloud           Conj/Pois/Air  #.......     99%         3    ###....
 Regeneration             Chrm/Necr      #.........   99%         3    ###....
 Spider Form              Tmut/Pois      #.........   99%         3    ###....
 Stone Arrow              Conj/Erth      #.....       99%         3    ###....
 Vampiric Draining        Necr           #.........   99%         3    ###....
 Animate Dead             Necr           N/A          100%        4    #####..
 Force Lance              Conj/Tloc      #.......     100%        4    #####..
 Fulminant Prism          Conj/Hex       #.........   100%        4    #####..
 Ice Form                 Ice/Tmut       #.......     100%        4    #####..
 Iskenderun's Mystic Bla  Conj           #.......     100%        4    #####..
 Leda's Liquefaction      Hex/Erth       #.........   100%        4    #####..
 Petrify                  Tmut/Erth      #.......     100%        4    #####..
 Sticky Flame             Conj/Fire      #.......     100%        4    #####..
 Summon Ice Beast         Ice/Summ       #.......     100%        4    #####..
 Summon Lightning Spire   Summ/Air       #.......     100%        4    #####..
 Blade Hands              Tmut           #.........   100%        5    ######.
 Fireball                 Conj/Fire      #.........   100%        5    ######.
 Lee's Rapid Deconstruct  Erth           #.........   100%        5    ######.
 Metabolic Englaciation   Hex/Ice        #.........   100%        5    ######.
 Yara's Violent Unravell  Hex/Tmut       #.........   100%        5    ######.


Dungeon Overview and Level Annotations

Branches:
Dungeon (15/15)            Temple (1/1) D:7            Lair (6/6) D:10
 Shoals (0/4) Lair:4       Spider (0/4) Lair:3        Slime (0/5) Lair:6
    Orc (0/2) D:11         Vaults (0/5) D:14         Depths (0/5) D:15
Ossuary (visited)

Altars:
Ashenzari
Cheibriados
Dithmenos
Elyvilon
Fedhas
Gozag
Hepliaklqana
Kikubaaqudgha
Makhleb
Nemelex Xobeh
Okawaru
Qazlal
Ru
Sif Muna
Trog
Uskayaw
Vehumet
Wu Jian
Xom
Yredelemnul
Zin
The Shining One
Beogh

Shops:
D:10 *

Annotations:
D:14 1 runed translucent door, Voudatob's ghost, journeyman DgWz


Innate Abilities, Weirdness & Mutations

You have a pair of antennae on your head.
You have very sharp fingernails.
You have sharp toenails.
You are completely covered in sharp spines.
You are immune to rotting.


Message History

The wyvern is struck by your spines.
You kill the wyvern!
The wyvern's corpse disappears in a puff of smoke!
You are very lightly contaminated with residual magic.
You feel yourself speed up.
* * * LOW HITPOINT WARNING * * *
You feel sick.
The two-headed ogre is struck by your spines.
You kill the two-headed ogre!
You block the ogre mage's attack.
You feel better.
The ogre mage hits you with a +2 spear of venom.
* * * LOW HITPOINT WARNING * * *
You are poisoned.
Okay, then.
As you read the scroll of teleportation, it crumbles to dust.
You feel strangely unstable.
You feel sick.
The two-headed ogre hits you with a +0 giant spiked club!!
You die...
Your body glows with a rainbow of weird colours and disappears.

..#.........#######..............
..#.........#######...........#..
.............................[#..
.................................
#################..###...........
#........##.....##.# #......##..#
#.......##.......### #.###..##..#
#.....))#..#####..# #.# #......#
#####...#).# {#@.# #. ........
....#...').#.OOOOO# ## #########
#..'...#..#..O#..#
#..#####..#####..# #......##...
..## ### #.......##... .## ...
##.......####### ##.
.........#..# ... ####.....'..+
...


You could see 5 two-headed ogres and an ogre mage.

Vanquished Creatures
  Kirke (Lair:4)
  Nessos (D:12)
  A dire elephant (Lair:6)
  Snorg (Lair:2)
  An ogre mage (D:14)
  A hydra (D:15)
  A centaur warrior (D:14)
  3 catoblepae (Lair:6)
  13 two-headed ogres
  17 death yaks
  A tengu warrior (D:15)
  Nergalle (Lair:3)
  4 unseen horrors
  A wolf spider (Lair:5)
  A wolf spider zombie (D:15)
  2 lindwurms
  6 deep elf magi
  An orb spider (Lair:3)
  6 ugly things
  An orc sorcerer (D:15)
  A salamander (shapeshifter) (D:15)
  2 manticores (Lair:6)
  A cyclops (D:11)
  7 elephants
  4 black mambas
  Maurice (D:10)
  7 torpor snails
  A naga mage (D:15)
  2 gargoyles
  6 spiny frogs
  4 centaur skeletons
  4 rime drakes
  2 ice devils (Lair:6)
  10 komodo dragons
  4 tyrant leeches (Lair:6)
  Grinder (D:4)
  A troll (D:12)
  A wind drake (shapeshifter) (D:15)
  12 slime creatures
  9 blink frogs
  12 hornets
  A snapping turtle (Lair:4)
  7 dream sheep
  7 hippogriffs
  2 shadows
  74 yaks
  5 wyverns
  A vampire (D:14)
  16 humans (D:14)
  A wraith (D:14)
  4 fire bats (D:14)
  3 hogs
  3 basilisks
  3 hungry ghosts
  A vampire mosquito (D:14)
  Grum (D:8)
  A steam dragon (D:7)
  2 wargs (D:10)
  2 soldier ants
  2 acid dragons
  8 water moccasins
  7 porcupines
  A hell hound (D:14)
  4 orc warriors
  4 sky beasts
  2 black bears
  2 eyes of draining
  2 phantoms
  35 wolves
  4 ogres
  15 centaurs
  7 crocodiles
  2 elf zombies (Ossuary)
  A big kobold (D:9)
  6 hounds
  15 bullfrogs
  A wyvern skeleton (D:10)
  5 scorpions
  4 killer bees (D:9)
  3 wights
  3 electric eels
  2 howler monkeys
  6 crimson imps
  2 lava snakes (D:14)
  3 quasits
  A bullfrog zombie (D:9)
  4 jellies
  6 orc priests
  An iguana (D:6)
  14 worker ants
  12 orc wizards
  A big kobold zombie (Ossuary)
  5 mummies
  2 worker ant zombies
  8 adders
  2 gnolls (D:3)
  A shadow imp (D:8)
  2 oozes
  2 adder zombies
  4 adder skeletons
  A worm (D:4)
  3 dart slugs
  3 leopard geckos
  43 orcs
  4 ball pythons
  3 giant cockroaches
  7 hobgoblins
  8 jackals
  13 kobolds
  A quokka (D:7)
  4 bats
  2 frilled lizards
  A giant cockroach zombie (D:5)
  8 goblins
  A goblin zombie (Ossuary)
  A jackal skeleton (D:6)
  2 jackal zombies (Ossuary)
  3 kobold zombies
  A leopard gecko zombie (D:5)
  2 orc zombies (D:6)
  A quokka zombie (D:9)
  7 rats
  A rat zombie (Ossuary)
  2 fire vortices (D:14)
  5 fungi (Lair:5)
  2 plants (Lair:5)
630 creatures vanquished.

Vanquished Creatures (collateral kills)
  A fire dragon (Lair:6)
  A hydra (Lair:1)
  2 death yaks (Lair:5)
  Urug (D:14)
  A cyclops (D:14)
  A centaur skeleton (D:14)
  A hog (Lair:5)
  2 vampire mosquitoes (D:14)
  3 orc warriors (D:11)
  An orc wizard (D:4)
  A scorpion (D:4)
  A hound (D:11)
  3 orc priests (D:11)
  A gnoll (D:3)
  7 orcs
  A hobgoblin (D:2)
  A kobold zombie (Ossuary)
  A fungus (Lair:5)
30 creatures vanquished.

Vanquished Creatures (others)
  A wolf spider (Lair:6)
  A blink frog (Lair:6)
  2 humans (Lair:5)
  A howler monkey (D:4)
  A hound zombie (Ossuary)
  A ball lightning (D:15)
  A gnoll zombie (Ossuary)
  A hobgoblin (D:2)
  A bat (D:2)
  A rat (D:2)
  A fire vortex (D:14)
  3 fungi
  13 plants
28 creatures vanquished.

Grand Total: 688 creatures vanquished

Notes
Turn   | Place    | Note
-------+----------+-------------------------------------------
     0 | D:1      | Gruesph the Demonspawn Artificer began the quest for the
                  | Orb.
     0 | D:1      | Reached XP level 1. HP: 15/15 MP: 3/3
   247 | D:1      | Gained mutation: You have a pair of small antennae on your
                  | head. [demonic ancestry]
   247 | D:1      | Reached XP level 2. HP: 10/21 MP: 4/4
   573 | D:1      | You fall into a shaft and drop 1 floor!
   985 | D:1      | Gained mutation: You have sharp fingernails. [demonic
                  | ancestry]
   985 | D:1      | Reached XP level 3. HP: 25/27 MP: 5/5
  1733 | D:2      | Reached skill level 1 in Unarmed Combat
  2148 | D:2      | Gained mutation: You are partially covered in sharp spines.
                  | [demonic ancestry]
  2148 | D:2      | Reached XP level 4. HP: 33/34 MP: 6/6
  2184 | D:2      | Noticed a black bear
  2221 | D:2      | Killed a black bear
  2221 | D:2      | Gained mutation: You have sharp toenails. [demonic
                  | ancestry]
  2221 | D:2      | Reached XP level 5. HP: 23/41 MP: 6/8
  4046 | D:3      | Gained mutation: You have very sharp fingernails. [demonic
                  | ancestry]
  4046 | D:3      | Reached XP level 6. HP: 47/47 MP: 9/9
  4077 | D:4      | Found a shattered altar of Ashenzari.
  4077 | D:4      | Found a hazy altar of Hepliaklqana.
  4077 | D:4      | Found an ornate altar of the Wu Jian Council.
  4077 | D:4      | Found a glowing silver altar of Zin.
  4351 | D:4      | Found a shimmering altar of Xom.
  4392 | D:4      | Noticed Grinder
  4715 | D:4      | Paralysed by Grinder for 2 turns
  4732 | D:4      | Killed Grinder
  4732 | D:4      | Reached skill level 5 in Unarmed Combat
  4732 | D:4      | Gained mutation: You are mostly covered in sharp spines.
                  | [demonic ancestry]
  4732 | D:4      | Reached XP level 7. HP: 43/55 MP: 10/10
  4917 | D:5      | Entered Level 5 of the Dungeon
  5216 | D:5      | Learned a level 1 spell: Confusing Touch
  5248 | D:5      | Reached skill level 5 in Fighting
  5329 | D:5      | Reached skill level 1 in Hexes
  5451 | D:5      | Gained mutation: You are completely covered in sharp
                  | spines. [demonic ancestry]
  5451 | D:5      | Reached XP level 8. HP: 34/62 MP: 11/11
  6425 | D:6      | Found a shadowy altar of Dithmenos.
  6425 | D:6      | Found a hide-covered altar of Uskayaw.
  6426 | D:6      | Found a stormy altar of Qazlal.
  6556 | D:6      | Found a sand-covered staircase.
  6561 | Ossuary  | Entered an ossuary
  7277 | D:7      | Found a staircase to the Ecumenical Temple.
  7283 | Temple   | Entered the Ecumenical Temple
  7380 | Temple   | Became a worshipper of Nemelex Xobeh the Trickster
  7435 | D:7      | Received a gift from Nemelex Xobeh
  7561 | D:7      | Reached skill level 1 in Invocations
  7713 | D:7      | Learned a level 2 spell: Blink
  7841 | D:7      | Got a clouded pewter ring
  8068 | D:7      | Gained mutation: You have a pair of antennae on your head.
                  | [demonic ancestry]
  8068 | D:7      | Reached XP level 9. HP: 71/71 MP: 12/12
  8234 | D:8      | Noticed Grum
  8328 | D:8      | Killed Grum
  8459 | D:8      | Identified the ring of Temptation {Fire Dex+5} (You found
                  | it on level 7 of the Dungeon)
  8478 | D:8      | Reached * piety under Nemelex Xobeh
  9619 | D:9      | Reached skill level 5 in Invocations
 10218 | D:10     | Entered Level 10 of the Dungeon
 10333 | D:10     | Found Hodat's Assorted Antiques.
 10590 | D:10     | Reached XP level 10. HP: 41/80 MP: 14/14
 11082 | D:10     | Found a staircase to the Lair.
 11088 | D:10     | Reached ** piety under Nemelex Xobeh
 11550 | D:10     | Noticed Maurice
 11560 | D:10     | Killed Maurice
 11589 | D:10     | Received a gift from Nemelex Xobeh
 11650 | D:10     | Noticed a gargoyle
 11656 | D:10     | Killed a gargoyle
 11656 | D:10     | Reached skill level 10 in Unarmed Combat
 11980 | D:11     | Found a roughly hewn altar of Beogh.
 12449 | D:11     | Found a staircase to the Orcish Mines.
 12937 | D:11     | Killed an unseen horror
 12937 | D:11     | Reached XP level 11. HP: 65/89 MP: 17/17
 13361 | D:11     | Noticed a two-headed ogre
 13364 | D:11     | Killed a two-headed ogre
 13852 | D:12     | Noticed a two-headed ogre
 13863 | D:11     | Killed a two-headed ogre
 13880 | D:11     | Killed an unseen horror
 14697 | D:12     | Noticed a two-headed ogre
 14707 | D:12     | Killed a two-headed ogre
 14710 | D:12     | Noticed Nessos
 14715 | D:12     | Noticed a deep elf mage
 14721 | D:12     | Killed Nessos
 14721 | D:12     | Reached skill level 10 in Fighting
 14721 | D:12     | Reached skill level 10 in Invocations
 14730 | D:12     | Reached skill level 1 in Shields
 14738 | D:12     | Killed a deep elf mage
 14738 | D:12     | Reached skill level 2 in Shields
 15049 | D:12     | Received a gift from Nemelex Xobeh
 15193 | D:12     | Killed an unseen horror
 15193 | D:12     | Reached skill level 3 in Shields
 15356 | D:12     | Reached skill level 4 in Shields
 15356 | D:12     | Gained mutation: You are immune to rotting. [demonic
                  | ancestry]
 15356 | D:12     | Reached XP level 12. HP: 96/97 MP: 19/19
 15385 | D:12     | Reached skill level 5 in Shields
 15814 | D:12     | Reached skill level 6 in Shields
 16308 | Lair:1   | Entered Level 1 of the Lair of Beasts
 16333 | Lair:1   | Reached *** piety under Nemelex Xobeh
 16561 | Lair:1   | Reached skill level 7 in Shields
 17074 | Lair:1   | Received a gift from Nemelex Xobeh
 17081 | Lair:1   | Reached skill level 8 in Shields
 17448 | Lair:2   | Noticed a six-headed hydra
 17456 | Lair:1   | Killed a six-headed hydra
 17789 | Lair:2   | Reached skill level 9 in Shields
 18340 | Lair:3   | Reached skill level 10 in Shields
 18808 | Lair:3   | Found a hole to the Spider Nest.
 19324 | Lair:3   | Noticed Snorg
 19489 | Lair:2   | Reached XP level 13. HP: 103/103 MP: 20/20
 19809 | Lair:2   | Killed Snorg
 20245 | Lair:3   | Reached skill level 1 in Armour
 20278 | Lair:3   | Reached skill level 11 in Shields
 20899 | Lair:3   | Noticed Nergalle
 20908 | Lair:3   | Killed Nergalle
 21942 | Lair:4   | Received a gift from Nemelex Xobeh
 22834 | Lair:4   | Found a staircase to the Shoals.
 23075 | Lair:5   | Received a gift from Nemelex Xobeh
 23745 | Lair:5   | Reached **** piety under Nemelex Xobeh
 24082 | Lair:5   | Received a gift from Nemelex Xobeh
 24092 | Lair:5   | Noticed Kirke
 24098 | Lair:5   | Reached skill level 5 in Armour
 24225 | Lair:4   | Killed Kirke
 24225 | Lair:4   | Reached skill level 12 in Shields
 24733 | Lair:5   | Identified the +0 hand axe of Mywoub {chop, Str+4}
 26785 | Lair:6   | Entered Level 6 of the Lair of Beasts
 26785 | Lair:6   | Received a gift from Nemelex Xobeh
 26850 | Lair:6   | Reached XP level 14. HP: 102/110 MP: 21/21
 27320 | Lair:6   | HP: 5/110 [poisoned by a black mamba]
 27326 | Lair:5   | HP: 4/110 [poisoned by a black mamba]
 27331 | Lair:5   | HP: 3/110 [poisoned by a black mamba]
 27339 | Lair:5   | HP: 4/110 [poisoned by a black mamba]
 28155 | Lair:6   | Found a staircase to the Slime Pits.
 28318 | Lair:6   | Reached skill level 13 in Shields
 29391 | Lair:6   | Found a runed translucent door.
 29504 | Lair:6   | HP: 5/110 [tyrant leech (23)]
 30346 | Lair:6   | Received a gift from Nemelex Xobeh
 32763 | Lair:6   | Reached skill level 14 in Shields
 33730 | D:13     | Reached skill level 10 in Armour
 33859 | D:13     | Received a gift from Nemelex Xobeh
 34581 | D:14     | Found a gate to the Vaults.
 34581 | D:14     | Noticed Urug
 34944 | D:14     | Found a blossoming altar of Fedhas.
 34978 | D:14     | Reached XP level 15. HP: 58/115 MP: 22/22
 35565 | D:14     | Killed Urug
 35978 | D:14     | Reached ***** piety under Nemelex Xobeh
 36009 | D:14     | Received a gift from Nemelex Xobeh
 36239 | D:14     | Reached skill level 15 in Shields
 36261 | D:14     | Found a runed translucent door.
 36267 | D:14     | Noticed Voudatob's ghost (journeyman DgWz)
 36268 | D:14     | Found the +11 plutonium sword {*Contam Stlth-}
 36423 | D:14     | Reached skill level 1 in Spellcasting
 36423 | D:14     | Reached skill level 1 in Translocations
 36970 | D:14     | Received a gift from Nemelex Xobeh
 37158 | D:15     | Entered Level 15 of the Dungeon
 37299 | D:15     | Paralysed by an ogre mage for 3 turns
 38990 | D:15     | Reached skill level 5 in Hexes
 39263 | D:15     | Found a staircase to the Depths.
 39277 | D:15     | Mangled by a two-headed ogre

Levels and vault maps discovered:
D:1:      nzn_arrival_water_spiral, layout_loops_ring
D:2:      layout_loops_ring, first_ration, lemuel_old_faithful
D:3:      layout_basic
D:4:      layout_gridville, lemuel_round_altar, grunt_temple_overflow_open,
          uniq_grinder
D:5:      layout_loops_ring, kennysheep_nub
D:6:      layout_cave_pools, gammafunk_temple_overflow_claw, enter_ossuary_5,
          minmay_mini_ossuary
D:7:      layout_loops_ring, minmay_temple_entry_enclosed_plants
D:8:      layout_loops_cross, uniq_grum
D:9:      layout_cave_pods
D:10:     layout_roguey, erik_lair_orcish_takeover, serial_shops,
          nicolae_shop_overgrown_old_shop, hangedman_pestilent_swarm,
          uniq_maurice
D:11:     layout_rooms, david_orc_5
D:12:     layout_basic, uniq_nessos
D:13:     layout_loops_corners
D:14:     layout_loops_cross, david_vaults_3, basic_altar,
          ebering_ghost_reflecting_pool, gauntlet_entry_generic,
          hangedman_incinerator
D:15:     grunt_enter_depths_magical_seal, layout_stronghold, enter_trove_3,
          minmay_misc_feat_encased
Temple:   jpeg_temple_clearing
Lair:1:   layout_roguey, beast_lair_carwin_9, infiniplex_staircase_pool
Lair:2:   layout_big_grid
Lair:3:   layout_loops_ring, nicolae_spider_entry_orb_guardian,
          grunt_forest_large_clearings, serial_bayou_shore_a, uniq_snorg,
          uniq_nergalle
Lair:4:   layout_big_grid, minmay_shoals_entry_hut
Lair:5:   layout_layer_cave, grunt_megastairs_1, uniq_kirke
Lair:6:   hangedman_lair_in_review, layout_big_grid, wormcave,
          dpeg_slime_entry_corner, serial_rivers,
          chequers_serial_rivers_micro_c, chequers_serial_rivers_micro_b,
          chequers_serial_rivers_large_b, chequers_serial_rivers_micro_e,
          chequers_serial_rivers_room_b, chequers_serial_rivers_micro_b,
          portal_ice_cave_demonic_guard

Skill      XL: |  1  2  3  4  5  6  7  8  9 10 11 12 13 14 15 |
---------------+----------------------------------------------+-----
Fighting       | 2 3 4 5 6 7 9 10 | 10.2
Unarmed Combat | 1 2 3 5 6 7 9 11 12 | 12.0
Evocations     | 4 |  4.1
Hexes          | 1 3 5 |  5.1
Invocations    | 2 5 8 10 | 10.4
Shields        | 4 10 12 14 15 | 15.0
Armour         | 6 10 | 10.0
Spellcasting   | 3 |  3.0
Translocations | 4 |  4.9
Short Blades   | |  0.8
Dodging        | |  1.7
Stealth        | |  0.8

Action                   |  1- 3 |  4- 6 |  7- 9 | 10-12 | 13-15 || total
-------------------------+-------+-------+-------+-------+-------++-------
Melee: Short sword       |    63 |       |       |       |       ||    63
       Unarmed           |   105 |    67 |   249 |   539 |  1159 ||  2119
       Kick              |       |    19 |    64 |   170 |   441 ||   694
       Punch             |       |       |     7 |    14 |       ||    21
 Fire: Hunting sling     |     6 |     3 |       |       |       ||     9
Throw: Dart              |       |    29 |    16 |       |       ||    45
Invok: Triple Draw       |       |       |       |     1 |       ||     1
       Stack Five        |       |       |       |       |     1 ||     1
 Abil: Draw Destruction  |       |       |     2 |     6 |    31 ||    39
       Draw Summoning    |       |       |       |     2 |    10 ||    12
       Draw Escape       |       |       |       |       |     1 ||     1
Evoke: Wand              |     9 |    17 |     7 |    28 |    27 ||    88
       Phantom mirror    |       |       |       |       |     1 ||     1
  Use: Scroll            |       |    12 |    12 |    11 |    10 ||    45
       Potion            |       |     2 |       |     1 |    10 ||    13
 Stab: Sleeping          |     1 |     1 |       |       |       ||     2
       Distracted        |       |       |     1 |     1 |     1 ||     3
       Paralysed         |       |       |       |       |     6 ||     6
  Eat: Chunk             |     4 |     8 |    12 |    14 |    29 ||    67
       Ration            |       |       |     2 |     5 |    10 ||    17
Armor: Leather armour    |    37 |    17 |       |       |       ||    54
       Ring mail         |       |     1 |    72 |   102 |   130 ||   305
       Chain mail        |       |       |       |       |   102 ||   102
Dodge: Dodged            |   117 |    34 |   119 |   146 |   251 ||   667
Block: Shield            |       |       |     8 |   179 |   651 ||   838
